 Dungeon Crawl Stone Soup version 0.31-a0-728-g01b46875f1 (webtiles) character file.

Game seed: 13753772845892178921

8 Kahsius the Chopper (level 2, 28/29 HPs)
             Began as a Gnoll Cinder Acolyte on Sept 11, 2023.
             Was a High Priest of Ignis.
             Quit the game on level 1 of the Dungeon.
             The game lasted 00:02:07 (176 turns).

Kahsius the Chopper (Gnoll Cinder Acolyte)           Turns: 176, Time: 00:02:07

Health: 28/29      AC:  2    Str: 13    XL:     2   Next: 8%
Magic:  5/5        EV: 11    Int: 13    God:    Ignis [*****.]
Gold:   32         SH:  0    Dex:  7    Spells: 6/6 levels left

rFire   + . .        a - -1 hand axe (flame)
rCold   . . .        (no shield)
rNeg    . . .        b - +0 robe
rPois   .            (no helmet)
rElec   .            (no cloak)
rCorr   .            (no gloves)
SInv    .            (no boots)
Will    .....        d - amulet of faith
Stlth   +            (no ring)
HPRegen 0.24/turn    (no ring)
MPRegen 0.09/turn

%: faith
@: no status effects
A: fangs 1, strong nose, distributed training
a: Renounce Religion, Fiery Armour, Foxfire Swarm, Rising Flame


You were on level 1 of the Dungeon.
You worshipped Ignis.
Ignis was extremely pleased with you.
You visited 1 branch of the dungeon, and saw 1 of its levels.

You collected 32 gold pieces.

Inventory:

Hand Weapons
 a - a -1 hand axe of flaming (weapon)
Armour
 b - a +0 robe (worn)
 e - a +0 ring mail
Jewellery
 d - an amulet of faith (around neck)
Scrolls
 c - a scroll of teleportation {unknown}


   Skills:
 + Level 6.4 Fighting
 + Level 0.3 Short Blades
 + Level 0.3 Long Blades
 + Level 6.4 Axes
 + Level 0.3 Maces & Flails
 + Level 0.3 Polearms
 + Level 0.3 Staves
 + Level 0.3 Ranged Weapons
 + Level 0.3 Throwing
 + Level 0.3 Armour
 + Level 0.3 Dodging
 + Level 0.3 Stealth
 + Level 0.3 Shields
 + Level 0.3 Unarmed Combat
 + Level 2.7 Spellcasting
 + Level 0.2 Conjurations
 + Level 0.2 Hexes
 + Level 0.2 Summonings
 + Level 0.2 Necromancy
 + Level 0.2 Translocations
 + Level 0.2 Transmutations
 + Level 5.3 Fire Magic
 + Level 0.2 Ice Magic
 + Level 0.2 Air Magic
 + Level 0.2 Earth Magic
 + Level 0.2 Poison Magic
 + Level 0.4 Invocations
 + Level 0.3 Evocations
 + Level 0.2 Shapeshifting


You had 6 spell levels left.
You didn't know any spells.
Your spell library contained the following spells:

 Spells                   Type           Power      Damage    Failure   Level
 Scorch                   Fire           30%        2d6       4%          2


Dungeon Overview and Level Annotations

Branches:
Dungeon (1/15)

Altars:


Innate Abilities, Weirdness & Mutations

You have very sharp teeth.
Your uncanny sense of smell can sniff out nearby items.
Your experience applies equally to all skills.


Message History

The kobold shouts!
You hit the endoplasm. You burn the endoplasm.
The endoplasm is moderately wounded.
The endoplasm freezes you.
You are frozen.
You hit the endoplasm but do no damage.
The endoplasm is moderately wounded.
The endoplasm hits you.
You hit the endoplasm. You burn the endoplasm.
You kill the endoplasm!
The ball python bites you. The ball python grabs you.
The ball python constricts you.
You closely miss the ball python. The ball python bites you.
The ball python constricts you.
You hit the ball python. You burn the ball python.
You kill the ball python!
You hit the kobold but do no damage. The kobold barely misses you.
You hit the kobold. You burn the kobold.
You kill the kobold!
You have reached level 2!
You open the door.
A giant cockroach comes into view.
You hit the giant cockroach but do no damage.
You punch the giant cockroach, but do no damage.
The giant cockroach misses you.
You hit the giant cockroach but do no damage.
The giant cockroach barely misses you.
You closely miss the giant cockroach. The giant cockroach barely misses you.
You hit the giant cockroach but do no damage.
The giant cockroach bites you but does no damage.
You closely miss the giant cockroach. Your bite misses the giant cockroach.
The giant cockroach barely misses you. x2
You closely miss the giant cockroach. The giant cockroach bites you.
You closely miss the giant cockroach. The giant cockroach bites you.
You slash the giant cockroach! You burn the giant cockroach.
You kill the giant cockroach!
No target in view!
Unknown command.
Unknown command.
Are you sure you want to abandon this character and quit the game? (Confirm with "yes".)

.).................
###'#..............
###................
...................
###......##'#####+#
#.##..###.#####.###
###.###.............
.##......##.#####†###...
.###.....##.....@....#
.# .....##...).........
.# ##....##.............
.####....##.............
.........##.............
........................
........###.#...#.###...
..†.....# #.......# ...
.#..†####


There were no monsters in sight!

Vanquished Creatures
  A ball python (D:1)
  An endoplasm (D:1)
  A giant cockroach (D:1)
  2 bats (D:1)
  A frilled lizard (D:1)
  A goblin (D:1)
  A kobold (D:1)
8 creatures vanquished.

Notes
Turn   | Place    | Note
-------+----------+-------------------------------------------
     0 | D:1      | Kahsius the Gnoll Cinder Acolyte began the quest for the
                  | Orb.
     0 | D:1      | Reached XP level 1. HP: 23/23 MP: 4/4
   127 | D:1      | Reached XP level 2. HP: 20/29 MP: 5/5
   176 | D:1      | Quit the game

Illustrated notes

Levels and vault maps discovered:
D:1:      tekkud_arrival_beachfront_property, layout_basic

Action                     || total
---------------------------++-------
  Melee: Hand axe          ||    19
         Punch             ||     1
 Armour: Robe              ||    11
  Dodge: Dodged            ||     9

Table legend: (Time is in decaauts)
 A = Elapsed time spent in this place.
 B = Non-inter-level travel time spent in this place.
 C = Inter-level travel time spent in this place.
 D = Time resting spent in this place.
 E = Time spent auto-exploring this place.
 F = Levels seen in this place.
 G = Mean time per level.
                   A        B        C        D        E       F      G
               +--------+--------+--------+--------+--------+-----+--------+
         Total |    175 |    175 |      0 |      0 |    122 |   1 |  175.0 |
       Dungeon |    175 |    175 |      0 |      0 |    122 |   1 |  175.0 |
               +--------+--------+--------+--------+--------+-----+--------+

Top non-repeatable levels by time:
     D:1: 175 daAuts
